AoeStats
← Blazing Cartesia, The Virtuous

Arabia

505811980Analyzed
1v1 RM · 20d ago on Sep 11, 2026· 38m 9s· 2 players
Game mode
Random Map
Map size
Tiny (2 player)
Population
200
Speed
Normal
Resources
Standard
Victory
Conquest
Starting age
Dark Age
Ending age
Imperial Age
RankedLock teamsTeams togetherTeam positionsShared explorationLock speedFull tech treeHidden civsTurbo modeCheats
Victory
Defeat
1109
+18
🇬🇷 Aztecs · Greece
1142
-18
Blazing Cartesia, The Virtuous
6:57 Loom
9:18 Feudal Age
9:52 Double-Bit Axe
11:22 Fletching
13:54 Padded Archer Armor
20:42 Castle Age
20:24 Horse Collar
20:38 Gold Mining
21:04 Crossbowman
21:46 Bodkin Arrow
24:25 Stone Mining
24:50 Bow Saw
24:54 Heavy Plow
30:48 Gold Shaft Mining
30:34 Forging
30:47 Scale Mail Armor
32:34 Chain Mail Armor
37:11 Imperial Age
37:01 Iron Casting
36:29 Squires
Spercules
6:49 Loom
9:15 Feudal Age
9:48 Double-Bit Axe
16:50 Castle Age
15:55 Fletching
18:05 Elite Skirmisher
21:34 Horse Collar
22:28 Padded Archer Armor
22:47 Squires
24:09 Scale Mail Armor
25:02 Fervor
25:14 Sanctity
25:15 Eagle Warrior
28:16 Forging
30:24 Wheelbarrow
30:00 Arson
30:49 Chain Mail Armor
31:00 Stone Mining
31:00 Gold Mining
32:53 Iron Casting
32:17 Bodkin Arrow
34:21 Heavy Plow
38:58 Imperial Age
36:50 Bow Saw
Connection lost

Rejoining the realm…

Still unreachable

The connection could not be restored.

Session expired

The server has moved on; the page needs a fresh start.